Unix NetHack Version 5.0.0-0 post-release - last build May  4 2026 22:22:43 (774f63e81ad911689b3a0859ea89b322d5daca8d,branch:main).

Game began 2026-05-05 16:14:34, ended 2026-05-05 16:40:14.

1212459919, chaotic male human Priest

                              ------
                              |....|   ###############
                              |....-####   ----------#
                              |....|#      |.....[.).#       -------
                              |....|# #####-........|#       |.....|
                              |....|# #    ----------########..[...|
                             @-....-###              ##      |<.?`.|
                             q------#                 ##    #......|
                                    #                  #    #-------
                                    #                  ####%#
                                    #                  ##
                                    ##                  ##
                                     #                  ####
                                     ###`              ##  #
                                       ##------------#############
                                        #|..........-##     #----.---
                                        #|.......(..|       #|......|
                                        #...........|       #-d.....|
                                         ---.--------        --------

1212459919 the Acolyte       St:8 Dx:11 Co:14 In:12 Wi:18 Ch:13  Chaotic
Dlvl:5  $:0  HP:0(30) Pw:46(46) AC:7  Xp:4 T:1852 

Latest messages:
 You already found a monster.  Use 'm' prefix to force another search.
 You already found a monster.  Use 'm' prefix to force another search.
 You already found a monster.  Use 'm' prefix to force another search.
 You already found a monster.  Use 'm' prefix to force another search.
 You already found a monster.  Use 'm' prefix to force another search.
 You already found a monster.  Use 'm' prefix to force another search.
 You already found a monster.  Use 'm' prefix to force another search.
 You already found a monster.  Use 'm' prefix to force another search.
 You hit the leprechaun!
 You knock the leprechaun backward with a powerful strike!
 The leprechaun hits!
 You hit the leprechaun.
 The leprechaun hits!
 You hit the leprechaun.
 You knock the leprechaun back with a powerful blow!
 You hit the leprechaun!
 The leprechaun hits!
 The leprechaun hits!
 You kill the leprechaun!
 Welcome to experience level 4.
 You see here a blessed crude dagger.
 You see here an iron skull cap.
 You find a hidden door.
 The door opens.
 The rothe hits!
 The rothe bites!
 The rothe bites again!
 You hit the rothe.
 The rothe hits!
 The rothe bites!
 The rothe bites again!
 You hit the rothe.
 The rothe hits!
 The rothe bites!
 The rothe just misses!
 You miss the rothe.
 The rothe hits!
 The rothe bites!
 The rothe bites again!
 You miss the rothe.
 You hit the rothe!
 The rothe hits!
 The rothe bites!
 The rothe bites again!
 You die...
 Do you want your possessions identified? [ynq] (y) y
 Do you want to see your attributes? [ynq] (y) y
 Do you want an account of creatures vanquished? [ynaq] (y) y
 Do you want to see your conduct and achievements? [ynq] (y) y
 Do you want to see the dungeon overview? [ynq] (y) y

Inventory:
 Weapons  (')')
  a - a blessed +1 mace (weapon in right hand)
 Armor    ('[')
  c - a +0 small shield (being worn)
  b - a +0 robe (being worn)
 Scrolls  ('?')
  l - a scroll of identify
 Spellbooks  ('+')
  h - a spellbook of cure blindness
  g - a spellbook of detect monsters
 Potions  ('!')
  d - 4 potions of holy water
  j - a potion of water

1212459919 the Priest's attributes:

Background:
 You were an Acolyte, a level 4 human Priest.
 You were chaotic, nominally on a mission for Poseidon
 who was opposed by Athena (lawful) and Hermes (neutral).
 You were right-handed.
 You were in the Dungeons of Doom, on level 5.
 You entered the dungeon 1852 turns ago.
 You had 87 experience points, 73 more were needed to attain level 5.

Basics:
 You had 0 out of 30 hit points.
 You had all 46 energy points (spell power).
 Your armor class was 7.
 Your wallet was empty.
 Autopickup was off.

Final Characteristics:
 Your strength was 8 (limit:18/100).
 Your dexterity was 11 (limit:18).
 Your constitution was 14 (limit:18).
 Your intelligence was 12 (limit:18).
 Your wisdom was 18 (limit:18).
 Your charisma was 13 (limit:18).

Final Status:
 You weren't hungry.
 You were unencumbered.
 You were wielding a mace.
 You had basic skill with mace.

Final Attributes:
 You were devoutly aligned.
 You were guarded.
 Your spell casting was enhanced by wearing a robe.
 You are dead.

Miscellaneous:
 You didn't encounter any bones levels.
 Total elapsed playing time was 23 minutes and 10 seconds.

Major events:
 Turn
    1: 1212459919 the chaotic human Priest entered the dungeon
 1263: attained the rank of Acolyte (level 3)
 1852: killed by a rothe

Spells:
 Name                 Level Category     Fail Retention
 detect monsters        1   divination     0%  76%-100%
 cure blindness         2   healing       25%  76%-100%

Skills:
 Fighting Skills
   bare handed combat [Unskilled]
 Weapon Skills
   club               [Unskilled]
   mace               [Basic]
   morning star       [Unskilled]
   flail              [Unskilled]
   hammer             [Unskilled]
   quarterstaff       [Unskilled]
   polearms           [Unskilled]
   spear              [Unskilled]
   trident            [Unskilled]
   lance              [Unskilled]
   bow                [Unskilled]
   sling              [Unskilled]
   crossbow           [Unskilled]
   dart               [Unskilled]
   shuriken           [Unskilled]
   boomerang          [Unskilled]
   unicorn horn       [Unskilled]
 Spellcasting Skills
   healing spells     [Unskilled]
   divination spells  [Unskilled]
   clerical spells    [Basic]

Voluntary challenges:
 Character rerolling was not enabled.
 You followed a strict vegan diet.
 You were an atheist.
 You were illiterate.
 You never genocided any monsters.
 You never polymorphed an object.
 You never changed form.
 You used no wishes.
Achievement:
 You attained the rank of Acolyte.

 The Dungeons of Doom: levels 1 to 5
    Level 1:
       Many fountains.
    Level 2:
       A grave.
    Level 3:
    Level 4:
       An altar to Poseidon, some fountains.
    Level 5: <- You were here.
       Final resting place for
          you, killed by a rothe.


Vanquished creatures:
  a leprechaun
  a centipede
 an acid blob
  a gas spore
  a large kobold
  a giant rat
  a gecko
  2 jackals
  a kobold
  a goblin
  2 sewer rats
  7 newts
20 creatures vanquished.

No species were genocided or became extinct.

Game over:
                       ----------
                      /          \
                     /    REST    \
                    /      IN      \
                   /     PEACE      \
                  /                  \
                  |    1212459919    |
                  |       0 Au       |
                  |   killed by a    |
                  |      rothe       |
                  |                  |
                  |                  |
                  |       2026       |
                 *|     *  *  *      | *
        _________)/\\_//(\/(/\)/\//\/|_)_______

Goodbye 1212459919 the Priest...

You died in The Dungeons of Doom on dungeon level 5 with 548 points,
and 0 pieces of gold, after 1852 moves.
You were level 4 with a maximum of 30 hit points when you died.

